Cogmind - Beta 15 *** ADVENTURER MODE // 2025.07.22 @ 08:01:20 Player: Jefffff Result: Destroyed by TB-MDO(R) with Subdweller Machine Gun Performance ------------- Evolutions (0) 0 Regions Visited (2) 400 Robots Destroyed (31) 155 Value Destroyed (682) 682 Prototype IDs (5) 100 Alien Tech Used (0) 0 Bonus (0) 0 TOTAL SCORE: 1337 Bonus ------- None Cogmind --------- Core Integrity 0/250 Matter 67/300 Energy 58/100 System Corruption 0% Temperature Cool (0) Movement Rolling (110) Ox2 Location -10/Subcaves Parts ------- > --- POWER (1) -------- (None) > --- PROPULSION (2) --- Wheel Wheel > --- UTILITY (2) ------ Improved Heat Sink High-capacity Storage Unit > --- WEAPON (2) ------- (None) > --- INVENTORY (20) --- Light Ion Engine Light Ion Engine Spiked Treads Spiked Treads Wheel Wheel Subdweller Monowheel Visual Processing Unit Terrain Scanner Transport Network Coupler Weapon Shielding Makeshift Light Armor Plating Tractor Beam Datajack Mining Laser Peak State ------------ > --- POWER ------------ Ion Engine > --- PROPULSION ------- Aluminum Leg Wheel > --- UTILITY ---------- Improved Heat Sink High-capacity Storage Unit > --- WEAPON ----------- Battle Cannon Battle Cannon > --- INVENTORY -------- Light Ion Engine Light Ion Engine Light Ion Engine Spiked Treads Spiked Treads Aluminum Leg Wheel Wheel Wheel Subdweller Monowheel Visual Processing Unit Terrain Scanner Transport Network Coupler Weapon Shielding Makeshift Light Armor Plating Tractor Beam Assault Rifle Subdweller Machine Gun Datajack Mining Laser [Rating: 13] Favorites ----------- Power Light Ion Engine Engine Light Ion Engine Propulsion Aluminum Leg Leg Aluminum Leg Wheel Wheel Utility High-capacity Storage Unit Device Improved Heat Sink Storage High-capacity Storage Unit Weapon Assault Rifle Energy Gun Particle Gun Ballistic Gun Assault Rifle Ballistic Cannon Battle Cannon Build | -11 -10 -10 ------- Run | Yrd Mat Sub Slots Evolved . | . . . Power . | . . . Propulsion . | . . . Utility . | . . . Weapon . | . . . Parts Attached 23 | 6 7 10 Power 3 | 1 . 2 Engine 3 | 1 . 2 Core . | . . . Reactor . | . . . Propulsion 7 | 2 1 4 Treads . | . . . Leg 3 | 2 . 1 Wheel 4 | . 1 3 Hover . | . . . Flight . | . . . Utility 5 | 1 4 . Device 2 | . 2 . Storage 3 | 1 2 . Processor . | . . . Hackware . | . . . Protection . | . . . Artifact . | . . . Weapon 8 | 2 2 4 Energy Gun 1 | . 1 . Energy Cannon . | . . . Ballistic Gun 5 | 2 1 2 Ballistic Cannon 2 | . . 2 Launcher . | . . . Special Weapon . | . . . Impact Weapon . | . . . Slashing Weapon . | . . . Piercing Weapon . | . . . Special Melee Weapon . | . . . Unidentified Prototypes . | . . . Parts Lost 10 | . . 10 Power 2 | . . 2 Propulsion 3 | . . 3 Utility . | . . . Weapon 5 | . . 5 Highest Loss Streak 4 | . . 4 To Critical Strikes . | . . . Average Backups 16 | 1 14 18 Power 3 | . 4 3 Propulsion 4 | . 3 5 Utility 4 | . 3 5 Weapon 2 | . 2 2 Tool/Special . | . . . Unused Backups 18 | . 1 17 Power 4 | . . 4 Propulsion 5 | . . 5 Utility 6 | . 1 5 Weapon 2 | . . 2 Tool/Special 1 | . . 1 Average Slot Usage (%) 98 | . 97 98 Engine 13 | . 13 13 Leg 18 | . 22 13 Wheel 8 | . 5 13 Device 12 | . 11 14 Storage 14 | . 14 14 Energy Gun 1 | . 1 1 Ballistic Gun 19 | . 26 10 Ballistic Cannon 6 | . . 15 Peak Build Rating 13 | 6 12 13 Average Rating 10 | 4 8 12 On Entrance 6 | . 6 12 Naked Turns . | . . . Heaviest Build 52 | 12 48 52 Greatest Support 20 | 20 20 10 Greatest Overweight (x) 5 | 1 4 5 Average Overweight (x) 3 | . 2 4 Largest Inventory Capacity 20 | 8 20 20 Average Capacity 19 | 7 18 20 Most Carried 20 | 4 20 20 Average Carried 16 | 1 14 18 Final Capacity 20 | 8 20 20 Final Carried 20 | 4 20 15 Class Distribution -------------------- 100% | Mutant Dominant Class ---------------- Mutant | -10/Materials Mutant | -10/Subcaves Resources | -11 -10 -10 ----------- Run | Yrd Mat Sub Matter Collected 914 | 78 568 268 Remotely . | . . . Salvage Created 882 | . 499 383 Parts 50 | . 33 17 Haulers Intercepted 2 | . 2 . Recyclers Shooed . | . . . Parts Field Recycled . | . . . Retrieved Matter . | . . . Parts Self-Destructed 7 | . . 7 Prevented . | . . . Kills | -11 -10 -10 ------- Run | Yrd Mat Sub Combat Hostiles Destroyed 23 | . 10 13 Guns 15 | . 10 5 Cannons 8 | . . 8 Classes Destroyed 7 | . 6 1 Worker 2 | . 2 . Hauler 2 | . 2 . Recycler 1 | . 1 . Watcher 3 | . 3 . Swarmer 10 | . 8 2 Grunt 4 | . 2 2 Subdweller 9 | . . 9 Best Kill Streak 5 | . 5 2 Combat Bots Only 3 | . 3 2 Max Kills in Single Turn 2 | . 2 1 Gunslinging . | . . . Exploded . | . . . Melee . | . . . Uniques/NPCs Destroyed . | . . . Combat | -11 -10 -10 -------- Run | Yrd Mat Sub Hostile Shots Fired 176 | . 78 98 Missed 50 | . 26 24 Hits 126 | . 52 74 Projectile 126 | . 52 74 Critical Strikes 1 | . . 1 Damage Taken 1505 | . 333 1172 Core 264 | . 51 213 Absorbed by Shields . | . . . Ignored by Resistances 441 | . 108 333 Regen/Repaired (Parts) 105 | . 105 . Core Remaining (%) 100 | 100 . . Volleys Fired 116 | . 49 67 Largest 2 | . 2 2 Hottest 85 | . 40 85 Shots Fired 228 | . 98 130 Gun 162 | . 98 64 Cannon 66 | . . 66 Launcher . | . . . Special . | . . . Kinetic 218 | . 98 120 Thermal 10 | . . 10 Explosive . | . . . Electromagnetic . | . . . Robot Hit Streak 40 | . 16 40 Robot Miss Streak 3 | . 3 3 Penetration Max . | . . . Secondary Targets 2 | . . 2 Max Gunslinging Chain 1 | . . 1 Shots Hit Robots 144 | . 59 85 Core Hits 49 | . 24 25 Critical Kills 1 | . 1 . Critical Parts Destroyed . | . . . Critical Strikes 3 | . 1 2 Destroy 1 | . 1 . Blast 2 | . . 2 Melee Attacks . | . . . Impact . | . . . Slashing . | . . . Piercing . | . . . Sneak Attacks . | . . . Combat Hostiles . | . . . Follow-up Attacks . | . . . Damage Inflicted 2013 | . 738 1275 Guns 1171 | . 738 433 Cannons 842 | . . 842 Explosions . | . . . Melee . | . . . Ramming . | . . . Kinetic 1874 | . 738 1136 Thermal 139 | . . 139 Explosive . | . . . Electromagnetic . | . . . Impact . | . . . Slashing . | . . . Piercing . | . . . Highest Corruption . | . . . Average Corruption . | . . . Corruption Purged . | . . . Corruption Blocked . | . . . Overload Shots . | . . . Overflow Damage 3 | . . 3 Projectiles 3 | . . 3 Explosions . | . . . Melee . | . . . Knockbacks 9 | . . 9 Impact . | . . . Kinetic 8 | . . 8 Secondary 1 | . . 1 Self-Inflicted Damage . | . . . Shots . | . . . Rammed . | . . . Targets Rammed . | . . . Kicked . | . . . Crushed . | . . . Highest Temperature 8 | . 8 3 Average Temperature 3 | . 3 3 Received Heat Transfer 396 | . 39 357 Siege Activations . | . . . Martial Activations . | . . . Shielding Activations . | . . . Robots Disrupted . | . . . Combat Hostiles . | . . . Robots Corrupted . | . . . Combat Hostiles . | . . . Parts Fried . | . . . Impact Corruptions . | . . . Robots Melted . | . . . Combat Hostiles . | . . . Parts Melted . | . . . Heat Transferred 333 | . . 333 Parts Sabotaged . | . . . Parts Stolen . | . . . Parts Stripped . | . . . Power Chain Reactions . | . . . Alert | -11 -10 -10 ------- Run | Yrd Mat Sub Maximum Alert Level . | . . . Low Security (%) 100 | 100 100 . Level 1 . | . . . Level 2 . | . . . Level 3 . | . . . Level 4 . | . . . Level 5 . | . . . High Security . | . . . Max Security . | . . . Peak Influence 92 | . 92 . Initial . | . . . Average 8 | . 8 . Influence Increases 422 | . 332 90 Destroy 0b10 Robot/C 280 | . 200 80 Destroy 0b10 Robot/NC 40 | . 40 . Destroy Leader 60 | . 50 10 Successful Hack 42 | . 42 . Influence Decreases 422 | . 332 90 Time Decay 422 | . 332 90 Squads Dispatched . | . . . Investigation . | . . . Extermination . | . . . Reinforcement . | . . . Assault . | . . . Garrison . | . . . Intercept . | . . . Searches Triggered . | . . . Construction Impeded . | . . . Haulers Reinforced . | . . . Active Scanning Responses . | . . . Cargo Convoy Interrupts . | . . . Stealth | -11 -10 -10 --------- Run | Yrd Mat Sub Distress Signals . | . . . Communications Jammed . | . . . Distress Signals . | . . . Times Spotted 32 | . 16 16 Peak Tracking Total 3 | . 3 3 Tactical Retreats . | . . . Traps | -11 -10 -10 ------- Run | Yrd Mat Sub Traps Triggered . | . . . Indirectly . | . . . Trap Hack Attempts . | . . . Triggered . | . . . Disarmed . | . . . Reprogrammed 4 | . 4 . Reused . | . . . Traps Extracted . | . . . Installed . | . . . Triggered . | . . . Machines | -11 -10 -10 ---------- Run | Yrd Mat Sub Machines Disabled . | . . . Max in Single Turn . | . . . Machines Repaired . | . . . Machines Dismantled . | . . . Machines Sabotaged . | . . . Overloaded Fab Kills . | . . . Hacking | -11 -10 -10 --------- Run | Yrd Mat Sub Machines Accessed 9 | . 9 . Terminals 8 | . 8 . Fabricators . | . . . Repair Stations 1 | . 1 . Recycling Units . | . . . Scanalyzers . | . . . Garrison Access . | . . . Total Hacks 35 | . 35 . Successful 23 | . 23 . Failed 12 | . 12 . Catastrophic . | . . . Database Lockouts . | . . . Manual 18 | . 18 . Terminals 25 | . 25 . Fabricators . | . . . Repair Stations 10 | . 10 . Recycling Units . | . . . Scanalyzers . | . . . Garrison Access . | . . . Terminal Hacks 5 | . 5 . Prototype ID Bank 2 | . 2 . Terminal Index 1 | . 1 . Unreport Threat 1 | . 1 . Reprogram Traps 1 | . 1 . Fabricator Hacks . | . . . Repair Station Hacks 10 | . 10 . Scan Component 5 | . 5 . Repair 5 | . 5 . Recycling Unit Hacks . | . . . Scanalyzer . | . . . Garrison Access Hacks . | . . . Unauthorized Hacks 8 | . 8 . Terminals 8 | . 8 . Botnet 8 | . 8 . Fabricators . | . . . Repair Stations . | . . . Recycling Units . | . . . Scanalyzers . | . . . Garrison Access . | . . . Data Cores Recovered . | . . . Used . | . . . Hacking Detections 9 | . 9 . Full Trace Events . | . . . Feedback Events . | . . . Feedback Blocked . | . . . Robot Schematics Acquired . | . . . Robots Built . | . . . Authchips . | . . . Time . | . . . Total Robot Build Rating . | . . . Part Schematics Acquired . | . . . Parts Built . | . . . Authchips . | . . . Time . | . . . Total Part Build Rating . | . . . Parts Repaired 5 | . 5 . Time 142 | . 142 . Parts Recycled . | . . . Recycled Matter . | . . . Retrieved Matter . | . . . Retrieved Components . | . . . Parts Scanalyzed . | . . . Part Schematics Acquired . | . . . Parts Damaged . | . . . Bothacking | -11 -10 -10 ------------ Run | Yrd Mat Sub Used RIF Installer . | . . . Robots Hacked . | . . . Non-combat . | . . . Combat . | . . . Robot Hacks Applied . | . . . Relay Couplers Released . | . . . Fabnet Peak Effective % . | . . . Robots Rewired . | . . . Allies Hacked . | . . . Hacks Repelled . | . . . Allies | -11 -10 -10 -------- Run | Yrd Mat Sub Total Allies . | . . . Largest Group . | . . . Highest-Rated Group . | . . . Highest-Rated Ally . | . . . Total Orders . | . . . Ally Attacks . | . . . Total Damage . | . . . Kills . | . . . Allies Corrupted . | . . . Allies Melted . | . . . Intel | -11 -10 -10 ------- Run | Yrd Mat Sub Active Infowar (turns) 1133 | . 1133 . Terrain 1133 | . 1133 . Robot Analysis Total . | . . . Derelict Logs Recovered 1 | . . 1 Drone Launches . | . . . Drone Recoveries . | . . . Exploration | -11 -10 -10 ------------- Run | Yrd Mat Sub Turns Passed 4155 | 61 2311 1783 Spaces Moved 2079 | 43 984 1052 Core 6 | 6 . . Treads . | . . . Legs 567 | 37 530 . Wheels 1506 | . 454 1052 Hover . | . . . Flight . | . . . Fastest Speed 50 | 50 120 140 Average Speed 163 | 112 188 143 Slowest Speed 260 | 120 260 155 Overloaded Moves . | . . . Propulsion Burnouts . | . . . Robots Hopped . | . . . Potential Cave-ins . | . . . Cave-ins Triggered . | . . . Exploration Rate (%) 57 | 4 99 70 Regions Visited 2 Branch Regions 1 Pre-discovered Areas 2 | . . 2 Known Exits Taken . | . . . Unknown Exits Taken 2 | 1 1 . Scrap Searched 3 | . . 3 Spaces Dug . | . . . Terrain Destroyed . | . . . Melee . | . . . Projectile . | . . . AOE . | . . . Terrain Rammed . | . . . Walls Destroyed . | . . . Machines Disabled . | . . . Actions | -11 -10 -10 --------- Run | Yrd Mat Sub Total 2605 | 53 1343 1209 Wait 337 | . 273 64 Move 2077 | 42 983 1052 Hop . | . . . Pick Up 34 | 5 22 7 Fast Attach 10 | 5 5 . Attach 8 | 1 . 7 Detach . | . . . Swap 10 | . 5 5 Drop 13 | . 6 7 Fire 116 | . 49 67 Melee . | . . . Ram . | . . . Kick . | . . . Crush . | . . . Escape Stasis . | . . . Rewire . | . . . Trap . | . . . Miscellaneous . | . . . Route ------- -11/Scrapyard -10/Materials (discovered 6 exits: [*Mat x3] / [*Min x2] / [*Sub]) -10/Subcaves (discovered 1 exit: [*Mat]) History --------- Turn | Location | Event 6 | -11/Scrapyard | Discovered new exit (range 16) 62 | -11/Scrapyard | Entered Materials 314 | -10/Materials | Build established: Mutant 492 | -10/Materials | Discovered new exit (range 11) 1486 | -10/Materials | Discovered new exit (range 11) 1631 | -10/Materials | Discovered new exit (range 5) 1781 | -10/Materials | Repaired Aluminum Leg 1820 | -10/Materials | Repaired Imp. Heat Sink 1848 | -10/Materials | Repaired Terrain Scanner 1875 | -10/Materials | Repaired Lgt. Ion Engine 1902 | -10/Materials | Repaired Lgt. Ion Engine 1909 | -10/Materials | Discovered new exit (range 16) 2333 | -10/Materials | Discovered new exit (range 6) 2338 | -10/Materials | Discovered new exit (range 8) 2373 | -10/Materials | Entered Subcaves 2416 | -10/Subcaves | Learned location of Zion (-6) 2416 | -10/Subcaves | Met a Zionite searching for "candidates" 2471 | -10/Subcaves | A swath of the cavern ceiling suddenly collapsed 2687 | -10/Subcaves | Discovered new exit (range 11) 2856 | -10/Subcaves | Core integrity fell below 50% 2949 | -10/Subcaves | Shifting Twisted Machinery released Spk. Treads 2986 | -10/Subcaves | Disturbed a concealed Subdweller 3256 | -10/Subcaves | Shifting Twisted Machinery released Battle Rifle 3257 | -10/Subcaves | Shifting Twisted Machinery released Sub. Laser 3263 | -10/Subcaves | Shifting Twisted Machinery released Battle Cannon 3293 | -10/Subcaves | Shifting Twisted Machinery released Battle Rifle 3540 | -10/Subcaves | A swath of the cavern ceiling suddenly collapsed 3703 | -10/Subcaves | Core integrity fell below 20% 3728 | -10/Subcaves | Lost 4 parts (1p1n2w) 4156 | -10/Subcaves | Destroyed by TB-MDO(R) with Subdweller Machine Gun Last Messages --------------- 03690_ UN-R8V(R) knocked back. 03697_ Battle Rifle destroyed. 03700_ UN-R8V(R) destroyed. 03703_ CL-102(R) knocked back. 03715_ CL-102(R) destroyed. 03720_ Acquired 21 matter. 03721_ Acquired 4 matter. 03723_ Acquired 5 matter. 03727_ Acquired 25 matter. 03734_ Acquired 7 matter. 03736_ Acquired 1 matter. 03785_ Subatomizers dissect the Sub. Monowheel. 04079_ TH-SKQ(R) destroyed. 04080_ Lgt. Ion Engine destroyed. 04082_ Aluminum Leg destroyed. 04086_ 2P-VNO(R) destroyed. 04149_ TB-MDO(R) knocked back. 04152_ Battle Cannon destroyed. 04154_ Assault Rifle destroyed. Map ----- +----------------------------------------------------+ | ### #???????????????????????????????????????? | | ##?? #???????????????????????????????????????? | | #??? ?????????????????????????????????????? | | ###?### ????????????????????????????????????? | | ####? ????????????????????????????????????? | | ##?### #????????????????????????????????????? | | ##?????????????????????????????????????????? | | #?????????????????????????????????????????? | | # ####?????????????????????????????????????????? | | #####????????????????????????????????????????????? | | #????????????????????????????????????????????????? | | #????????????????????????????????????????????????? | | #####?##?????????????????????????????????????????? | | ## ## #?????????????????????????????????????????? | | #?????????????????????????????????????????? | | ##### "???????????"???????????????????????? | | " "??????#?? ???????????????????????? | | """?????? # ?????????????????????? | | ## ## ##??????? "#?????????????????????? | | ## ##?????????#"""""#?????????????????????? | | # ## ##????????#"""" ###???????????????????? | | #?# "##????????# """##??????????????????? | | ### "" #?????###?# """""#??????????????????? | | """#######"##?# ""#???????????????????? | | ### ## ""####RR"#???????????????????? | | ## ### "# @ R #???????????????????? | | ### ### ##???????????????????? | | ## #?# ## #### ##????????????????????? | | ?##### #?## ### ###??##??????????????? | | ????# ### #?# # ### #??????????????? | | ##### ## ## ##?# #?????????????## | | ##????#### #### # ##????????????## | | ####?????????## ### ## ###????????????##"# | | ??????????????# %*## ##????????????## | | ???????????# #????????????# ### | | ????????????# %% ##????????##### #?# | | ????????????## ## #?????????# % =### | | ?????????????# &%= % ##### #????????###### ## | | ?????????????# [ ####???# ###???????????### #? | | ?????????????#### ##??????### #????????????## #? | | ????????????????###?????????###????????????# #? | | ???????????????????????????????????????????## ##? | | ???????????????????????????????????????????# #? | | ???????????????????????????????????????????# #? | | ??????????????????????????????????????????### ##? | | ?????????????????????????????????????????## # ##? | | ?????????????????????????????????????????# "" #? | | ?????????????????????????????????????????####""##? | | ????????????????????????????????????????????#""#?? | | ????????????????????????????????????????????#""#?? | +----------------------------------------------------+ Best States ------------- Heat Dissipation 39 Energy Generation 10 Energy Capacity 250 Matter Stores 300 Matter Capacity 300 Sight Range 16 Terrain Scan Range 14 Terrain Scan Density 10 Resistance: KI 20 Resistance: TH 20 Resistance: EX 20 Resistance: EM 20 Resistance: I 20 Resistance: S 20 Resistance: P 20 Evasion (%) 55 Offensive Hacking 10 Item Schematics ----------------- None Robot Schematics ------------------ None Fabricated ------------ Nothing Repaired ---------- Aluminum Leg | 43% | -10/Materials Imp. Heat Sink | 62% | -10/Materials Terrain Scanner | 40% | -10/Materials Lgt. Ion Engine | 70% | -10/Materials Lgt. Ion Engine | 62% | -10/Materials Alien Tech Used ----------------- None Achievements -------------- None Challenges ------------ None Game ------ Seed FactoryLargeBeacon Manual? 0 Play Time 00:22:19 Cumulative 254.5 hours Start 2025.07.22 @ 07:42:24 End 2025.07.22 @ 08:01:20 Sessions 1 Manual Loads 0 Difficulty Adventurer Special Mode None Game No. 292 Rogue 0 Adventurer 292 Explorer 0 Win Type - Total 0 Types 0/0/0/0/0/0/0/0/0/0 Lore% 72 Gallery% 59 Achievement% 50 Wizard Run 0 Options --------- Layout 2 ASCII 0 Keyboard 0 Movement Mouse Keybinds 0 Fullscreen 2 Font 48/Smallcaps Map View 50x44 Zoom Use 0% Tactical HUD 1 Map Filters NONE Filters NONE Steam 1 RUN: 649e56dd-c41a-4978-9ed5-0c9e0e1a8cb7